 Dungeon Crawl Stone Soup version 0.24-a0-420-g24607be9ce (webtiles) character file.

Game seed: 10431210605807461451

953 Avack the Gusty (level 8, -4/46 HPs)
             Began as a Tengu Air Elementalist on June 11, 2019.
             Shot with an arrow by a centaur (15 damage)
             ... on level 5 of the Dungeon.
             The game lasted 00:20:25 (6055 turns).

Avack the Gusty (Tengu Air Elementalist)            Turns: 6055, Time: 00:20:26

Health: -4/46      AC:  7    Str:  9    XL:     8   Next: 14%
Magic:  19/24      EV: 14    Int: 18    God:
Gold:   265        SH:  0    Dex: 14    Spells: 8/15 levels left

rFire    . . .     SeeInvis .   t - +2 falchion (drain)
rCold    . . .     Gourm    .   (no shield)
rNeg     . . .     Faith    .   k - +0 ring mail (curse)
rPois    .         Spirit   .   (helmet restricted)
rElec    .         Reflect  .   l - +1 cloak {MR+}
rCorr    .         Harm     .   (no gloves)
MR       +....                  (boots unavailable)
Stlth    +.........             (no amulet)
HPRegen  0.15/turn              p - ring of magical power
MPRegen  0.19/turn              (no ring)

@: flying quickly and evasively, very slightly contaminated, quick
A: beak, talons 3, able to fly
a: Stop Flying


You were on level 5 of the Dungeon.
You were not hungry.

You visited 1 branch of the dungeon, and saw 5 of its levels.

You collected 265 gold pieces.

Inventory:

Hand Weapons
 t - a +2 falchion of draining (weapon)
Missiles
 e - 102 stones
 g - 7 silver boomerangs (quivered)
 r - a throwing net
Armour
 a - a +0 robe
 k - a cursed +0 ring mail (worn)
 l - a +1 cloak of magic resistance (worn)
 m - a cursed +0 ring mail
 v - a scarf of spirit shield
Jewellery
 p - a ring of magical power (left hand)
 w - an uncursed ring of wizardry {unknown}
Scrolls
 i - a scroll of teleportation
 j - a scroll of magic mapping
Potions
 b - a potion of flight {unknown}
 f - a potion of haste
 h - 2 potions of ambrosia
 n - a potion of cancellation {unknown}
 o - 2 potions of mutation
 q - a potion of heal wounds {unknown}
 s - a potion of degeneration {unknown}
Comestibles
 c - 12 rations
 x - 3 chunks of flesh


   Skills:
 - Level 3.1 Fighting
 - Level 4.3 Dodging
 - Level 2.0 Stealth
 - Level 4.1 Spellcasting
 - Level 2.1 Conjurations
 - Level 3.1 Charms
 + Level 7.4 Air Magic


You had 8 spell levels left.
You knew the following spells:

 Your Spells              Type           Power        Failure   Level  Hunger
a - Shock                 Conj/Air       ###.         5%          1    None
b - Swiftness             Chrm/Air       ###.....     7%          2    ##.....
c - Airstrike             Air            ####......   19%         4    ####...

Your spell library contained the following spells:

 Spells                   Type           Power        Failure   Level  Hunger
 Static Discharge         Conj/Air       ###.....     17%         3    ###....
 Lightning Bolt           Conj/Air       ###.......   83%         5    ######.


Dungeon Overview and Level Annotations

Branches:
Dungeon (5/15)
 Temple: D:4-7

Altars:
Cheibriados
Elyvilon
Fedhas
Gozag
Hepliaklqana
Makhleb
Nemelex Xobeh
Ru
The Shining One


Innate Abilities, Weirdness & Mutations

You have a beak for a mouth.
You have claws for feet.
You can fly continuously.


Message History

You feel sick.
The centaur cries, "Oh dear!
Oh dear!"
You feel sick.
Cornered, the centaur turns to fight!
You feel sick.
You feel sick.
You feel sick.
The centaur wields a +0 shortbow.
The centaur shoots an arrow.
The arrow hits you!
* * * LOW HITPOINT WARNING * * *
You see here an arrow.
Okay, then.
You feel better.
The centaur shoots an arrow.
The arrow closely misses you.
Okay, then.
The centaur shoots an arrow.
The arrow hits you!
* * * LOW HITPOINT WARNING * * *
There is a stone staircase leading up here.
You see here an arrow.
You feel better.
The centaur shoots an arrow.
The arrow hits you.
* * * LOW HITPOINT WARNING * * *
The centaur shoots an arrow.
The arrow hits you!
You die...

#.(......### .
##..........##### ..
#....c.......##.#.#.%.
##...#...##........Z..#
#........[......#..##.#
.....#........####...#
...##.##.(#...### ###
...##.##..#.)[.<# ..
#.....@..........#
.....................
....#...............#
#...#............#.##
#...................#
#. .....##.##...#....
.......#####.###..
........


You could see a centaur.

Vanquished Creatures
  A sky beast (D:5)
  A phantom (D:4)
  2 ogres
  A crimson imp (D:5)
  A bullfrog zombie (D:5)
  2 hounds (D:4)
  An orc priest (D:4)
  Crazy Yiuf (D:4)
  An iguana (D:4)
  2 orc wizards
  4 worker ants (D:4)
  A hound zombie (D:5)
  Robin (D:4)
  4 gnolls (D:4)
  5 adders (D:2)
  A shadow imp (D:4)
  2 oozes
  3 adder zombies
  4 worms
  2 dart slugs (D:1)
  A leopard gecko (D:2)
  10 orcs
  A ball python (D:1)
  5 giant cockroaches
  15 goblins
  11 hobgoblins
  2 jackals (D:1)
  3 quokkas
  3 bats
  7 frilled lizards
  5 kobolds
  7 rats
110 creatures vanquished.

Notes
Turn   | Place    | Note
-------+----------+-------------------------------------------
     0 | D:1      | Avack the Tengu Air Elementalist began the quest for the
                  | Orb.
     0 | D:1      | Reached XP level 1. HP: 10/10 MP: 4/4
   232 | D:1      | Reached XP level 2. HP: 12/15 MP: 1/6
   359 | D:1      | Learned a level 2 spell: Swiftness
   497 | D:1      | Found a glowing golden altar of the Shining One.
   878 | D:1      | Reached XP level 3. HP: 19/19 MP: 3/7
  1344 | D:2      | Found an opulent altar of Gozag.
  1344 | D:2      | Found a sacrificial altar of Ru.
  1401 | D:2      | Reached skill level 1 in Charms
  1646 | D:2      | Found a blossoming altar of Fedhas.
  1883 | D:2      | Reached XP level 4. HP: 21/24 MP: 4/9
  2939 | D:3      | Found a burning altar of Makhleb.
  3063 | D:3      | Found a snail-covered altar of Cheibriados.
  3063 | D:3      | Found a hazy altar of Hepliaklqana.
  3063 | D:3      | Found a white marble altar of Elyvilon.
  3125 | D:3      | Gained mutation: You can fly continuously. [Tengu growth]
  3125 | D:3      | Reached XP level 5. HP: 28/28 MP: 4/10
  3496 | D:4      | Noticed a phantom
  3697 | D:4      | Noticed an ogre
  3722 | D:3      | Killed an ogre
  3722 | D:3      | Reached XP level 6. HP: 12/32 MP: 3/13
  4203 | D:4      | Reached skill level 1 in Fighting
  4538 | D:4      | Reached skill level 5 in Air Magic
  4612 | D:4      | Killed a phantom
  4612 | D:4      | Reached XP level 7. HP: 40/40 MP: 1/14
  4728 | D:4      | Found a runed translucent door.
  4729 | D:4      | Noticed Crazy Yiuf
  5023 | D:4      | Noticed Robin
  5043 | D:4      | Killed Robin
  5096 | D:4      | Found a sparkling altar of Nemelex Xobeh.
  5163 | D:4      | Found a snail-covered altar of Cheibriados.
  5502 | D:4      | Killed Crazy Yiuf
  5538 | D:5      | Entered Level 5 of the Dungeon
  5670 | D:4      | Reached skill level 6 in Air Magic
  5774 | D:4      | Learned a level 4 spell: Airstrike
  5822 | D:5      | Reached skill level 7 in Air Magic
  5822 | D:5      | Reached XP level 8. HP: 46/46 MP: 10/15
  6055 | D:5      | Shot with an arrow by a centaur

Levels and vault maps discovered:
D:1:      dpeg_arrival_castle, layout_basic, tso_metal_star
D:2:      cheibrodos_greedy_goblins, layout_basic, fedhas_altar_2,
          grunt_temple_overflow_open
D:3:      layout_rooms, nicolae_overflow_crystal_walls,
          gammafunk_temple_overflow_claw, first_ration
D:4:      layout_basic, overflow_temple_1_default, cheibriados_altar_1,
          uniq_robin, uniq_crazy_yiuf_cottage
D:5:      layout_cave_pools, kennysheep_little_box, serial_undead,
          serial_undead_d, serial_undead_c, serial_undead_b, serial_undead_a,
          minmay_misc_feat_enclosed

Skill      XL: |  1  2  3  4  5  6  7 |
---------------+----------------------+-----
Conjurations   | 2 |  2.1
Charms         | 1 2 3 |  3.1
Spellcasting   | 3 4 |  4.1
Fighting       | 2 3 |  3.1
Dodging        | 3 4 |  4.3
Air Magic      | 5 7 |  7.4
Stealth        | |  2.0

Action                   |  1- 3 |  4- 6 |  7- 9 || total
-------------------------+-------+-------+-------++-------
Melee: Dagger            |     6 |    18 |       ||    24
       Peck              |     1 |     4 |     7 ||    12
       Kick              |     1 |     7 |    10 ||    18
       Flail             |       |    15 |     3 ||    18
       Falchion          |       |       |    14 ||    14
Throw: Boomerang         |     1 |     2 |       ||     3
 Cast: Shock             |    52 |   155 |    70 ||   277
       Swiftness         |       |     1 |     1 ||     2
       Airstrike         |       |       |     2 ||     2
 Abil: Fly               |       |     1 |       ||     1
  Use: Scroll            |     1 |     4 |     3 ||     8
       Potion            |       |     1 |     2 ||     3
  Eat: Chunk             |     4 |     7 |     2 ||    13
       Ration            |       |     1 |       ||     1
Armor: Ring mail         |     8 |    29 |    19 ||    56
Dodge: Dodged            |    10 |    52 |    46 ||   108
       Rpst.: Falchion   |       |       |    11 ||    11

Table legend:
 A = Non-vault XP
 B = Vault XP
 C = Vault XP percentage of total XP
 D = Non-vault monster count
 E = Vault monster count
 F = Vault count percentage of total count
                 A         B        C        D         E       F
            +---------+---------+-------+---------+---------+-------
      Total |    1220 |     142 |  10.4 |      89 |      21 |  19.1
            +---------+---------+-------+---------+---------+-------
        D:1 |      38 |       0 |   0.0 |      18 |       0 |   0.0
        D:2 |      87 |      13 |  13.0 |      17 |       7 |  29.2
        D:3 |     167 |       0 |   0.0 |      23 |       0 |   0.0
        D:4 |     676 |      74 |   9.9 |      22 |      12 |  35.3
        D:5 |     252 |      55 |  17.9 |       9 |       2 |  18.2
            +---------+---------+-------+---------+---------+-------
